General information
- name: BNet
- type: Ladder 1vs1/FFA
- host: Battle.net
- saver: iggy72
map: TwistedMeadows
- players: 2
- length: 30:39
- speed: Fast
- version: 1.26 W3XP
- replay type: Public
» download(93 KB)
Players
team 1 (winner)
iggy72 (
purple | 69 APM | 2127 actions | 30:39)
5 Archmage
2 Blizzard
3 Brilliance Aura
4 Blood Mage
2 Flame Strike
2 Siphon Mana
3 Dark Ranger
2 Life Drain
1 Silence
» actions
| Assign group hotkey | 48 | |
| Basic commands | 58 | |
| Build / train | 137 | |
| ESC pressed | 1 | |
| Enter build submenu | 47 | |
| Enter hero's abilities submenu | 12 | |
| Give item / drop item | 7 | |
| Right click | 805 | |
| Select / deselect | 440 | |
| Select group hotkey | 321 | |
| Use ability | 251 | |
2127 total
» units
| Peasant | 24 | |
| Goblin Shredder | 3 | |
| Goblin Zeppelin | 3 | |
| Dragonhawk Rider | 4 | |
| Sorceress | 2 | |
36 total
» upgrades
| Masonry | 3 | |
| Swords | 3 | |
| Armor | 3 | |
| Sorceress Training | 2 | |
| Magic Sentry | 1 | |
| Animal War Training | 1 | |
| Cloud | 1 | |
| Storm Hammers | 1 | |
| Lumber Harvesting | 2 | |
| Priest Training | 2 | |
| Gunpowder | 1 | |
| Plating | 1 | |
21 total
» buildings
| Altar of Kings | 1 | |
| Farm | 10 | |
| Arcane Vault | 2 | |
| Scout Tower | 37 | |
| Lumber Mill | 1 | |
| Arcane Tower | 7 | |
| Guard Tower | 17 | |
| Town Hall | 3 | |
| Keep | 2 | |
| Blacksmith | 1 | |
| Castle | 1 | |
| Gryphon Aviary | 3 | |
| Barracks | 1 | |
| Arcane Sanctum | 1 | |
87 total
» build order
00:06 Altar of Kings
00:11 Farm
00:36 Arcane Vault
00:51 Farm
01:22 Scout Tower
01:44 Lumber Mill
02:11 Arcane Tower
02:22 Scout Tower
02:55 Guard Tower
03:46 Scout Tower
03:47 Scout Tower
04:25 Town Hall
04:28 Scout Tower
04:29 Scout Tower
04:30 Scout Tower
04:36 Farm
04:37 Guard Tower
04:58 Guard Tower
05:46 Arcane Tower
05:48 Scout Tower
05:49 Scout Tower
06:15 Guard Tower
06:18 Scout Tower
06:42 Guard Tower
06:44 Scout Tower
07:23 Farm
07:27 Guard Tower
07:28 Scout Tower
07:39 Guard Tower
07:43 Arcane Vault
08:03 Keep
08:03 Keep
08:05 Arcane Tower
08:06 Scout Tower
08:13 Farm
08:26 Blacksmith
08:33 Scout Tower
08:33 Scout Tower
08:34 Scout Tower
08:56 Guard Tower
09:21 Arcane Tower
09:22 Guard Tower
09:23 Scout Tower
09:23 Scout Tower
10:39 Castle
10:41 Gryphon Aviary
10:43 Gryphon Aviary
10:57 Guard Tower
11:05 Barracks
11:12 Arcane Sanctum
11:25 Gryphon Aviary
11:29 Scout Tower
11:30 Scout Tower
12:16 Guard Tower
13:09 Guard Tower
14:48 Farm
14:48 Farm
14:48 Farm
14:50 Farm
14:52 Farm
16:21 Town Hall
16:26 Scout Tower
16:27 Scout Tower
16:27 Scout Tower
16:28 Scout Tower
16:28 Scout Tower
16:29 Scout Tower
16:33 Scout Tower
16:34 Scout Tower
17:23 Guard Tower
17:26 Arcane Tower
17:28 Scout Tower
17:32 Guard Tower
18:46 Guard Tower
22:29 Town Hall
22:32 Scout Tower
22:32 Scout Tower
22:33 Scout Tower
22:34 Scout Tower
22:34 Scout Tower
22:35 Scout Tower
22:35 Scout Tower
22:36 Scout Tower
23:19 Guard Tower
26:56 Arcane Tower
26:56 Guard Tower
» items
| Mechanical Critter | 3 | |
| Lesser Clarity Potion | 5 | |
| Boots of Speed | 3 | |
| Scroll of Regeneration | 9 | |
| Scroll of Town Portal | 3 | |
| Potion of Mana | 2 | |
| Potion of Healing | 4 | |
| Periapt of Vitality | 3 | |
| Staff of Teleportation | 2 | |
| Potion of Lesser Invulnerability | 1 | |
| Staff of Sanctuary | 1 | |
| Orb of Fire | 1 | |
37 total
team 2 (loser)

»
KingWilly (
pink | 57 APM | 1754 actions | 30:38)
4 Demon Hunter
2 Mana Burn
2 Evasion
3 Beastmaster
2 Summon Hawk
1 Summon Quilbeast
» actions
| Assign group hotkey | 22 | |
| Basic commands | 2 | |
| Build / train | 85 | |
| Enter build submenu | 29 | |
| Enter hero's abilities submenu | 7 | |
| Give item / drop item | 2 | |
| Remove unit from queue | 4 | |
| Right click | 571 | |
| Select / deselect | 514 | |
| Select group hotkey | 452 | |
| Use ability | 66 | |
1754 total
» units
| Wisp | 42 | |
| Archer | 5 | |
| Huntress | 4 | |
| Dryad | 5 | |
| Druid of the Claw | 3 | |
59 total
» upgrades
| Ultravision | 1 | |
| Abolish Magic | 1 | |
| Druid of the Claw Training | 2 | |
| Nature's Blessing | 1 | |
| Vorpal Blades | 1 | |
| Mark of the Claw | 1 | |
| Resistant Skin | 0 | |
| Well Spring | 1 | |
8 total
» buildings
| Altar of Elders | 1 | |
| Moon Well | 14 | |
| Ancient of War | 1 | |
| Tree of Ages | 1 | |
| Hunter's Hall | 1 | |
| Ancient of Wonders | 1 | |
| Ancient of Lore | 2 | |
| Tree of Eternity | 1 | |
| Ancient Protector | 8 | |
| Tree of Life | 1 | |
31 total
» build order
00:10 Altar of Elders
00:16 Moon Well
00:47 Ancient of War
03:58 Tree of Ages
04:26 Moon Well
05:47 Hunter's Hall
06:18 Moon Well
06:40 Tree of Ages
07:26 Moon Well
07:30 Ancient of Wonders
08:06 Moon Well
08:16 Moon Well
08:35 Moon Well
10:51 Ancient of Lore
11:26 Ancient of Lore
14:11 Moon Well
14:19 Moon Well
14:20 Moon Well
16:20 Tree of Eternity
17:00 Ancient Protector
17:50 Ancient Protector
20:26 Moon Well
21:27 Tree of Life
21:39 Ancient Protector
21:46 Moon Well
21:47 Moon Well
21:48 Moon Well
21:53 Ancient Protector
23:06 Tree of Eternity
23:15 Ancient Protector
23:17 Ancient Protector
23:21 Ancient Protector
23:32 Ancient Protector
» items
| Lesser Clarity Potion | 1 | |
| Moonstone | 1 | |
| Scroll of Town Portal | 1 | |
3 total
Chat log
(30:37 / All) KingWilly: gg